| TOP OF THE 1ST |
|
Reno Aces batting - Pitching for Syracuse Chiefs : RHP Sam Wood
|
|
Pitching: RHP Sam Wood
|
|
|
Batting: RHB Ji-an Li
|
0-0: Ball 1-0: Ball 2-0: Called Strike 2-1: Foul Ball, location: 2F 2-2: Strikes out swinging
|
|
Batting: RHB Dave Vargas
|
0-0: Ball 1-0: Ball 2-0: Ball 3-0: Foul Ball, location: 2F 3-1: Base on Balls
|
|
Batting: SHB Salvador Aragon
|
0-0: SINGLE (Flyball, 7LS, EV 88.1 MPH) Dave Vargas to second
|
|
Batting: LHB Bobby Arevalo
|
0-0: Ball Passed Ball! Dave Vargas to third Salvador Aragon to second 1-0: Ground out 4-3 (Groundball, 4, EV 105.6 MPH) Dave Vargas scores Salvador Aragon to third
|
|
Batting: LHB Kyle Beaulieu
|
0-0: Ground out 4-3 (Groundball, 4, EV 83.1 MPH)
|
| Top of the 1st over - 1 run, 1 hit, 0 errors, 1 left on base; Reno 1 - Syracuse 0 |
| BOTTOM OF THE 1ST |
|
Syracuse Chiefs batting - Pitching for Reno Aces : RHP Chad Toms
|
|
Pitching: RHP Chad Toms
|
|
|
Batting: LHB Dillon Gonzalez
|
0-0: Called Strike 0-1: Foul Ball, location: 2F 0-2: Ball 1-2: Foul Ball, location: 2F 1-2: Ground out 4-3 (Groundball, 4, EV 106.9 MPH)
|
|
Batting: LHB Jae-ik Soung
|
0-0: Ball 1-0: Ball 2-0: Called Strike 2-1: Foul Ball, location: 2F 2-2: Ball 3-2: Foul Ball, location: 2F 3-2: Fly out, F7 (Flyball, 7D, EV 104.4 MPH)
|
|
Batting: LHB Dana McDonald
|
0-0: Ball 1-0: Called Strike 1-1: Foul Ball, location: 2F 1-2: Fly out, F8 (Line Drive, 8LM, EV 98.1 MPH)
|
| Bottom of the 1st over - 0 runs, 0 hits, 0 errors, 0 left on base; Reno 1 - Syracuse 0 |
| TOP OF THE 2ND |
|
Reno Aces batting - Pitching for Syracuse Chiefs : RHP Sam Wood
|
|
Batting: RHB Ruben Garza
|
0-0: Called Strike 0-1: Called Strike 0-2: Ball 1-2: Strikes out looking
|
|
Pitching: LHP James Knapp
|
|
|
Batting: LHB Ian Jarvis
|
0-0: Swinging Strike 0-1: Swinging Strike 0-2: Strikes out swinging
|
|
Batting: LHB Sumiki Okuhara
|
0-0: Ball 1-0: Ball 2-0: Swinging Strike 2-1: Ball 3-1: Ground out 1-3 (Groundball, 13S, EV 64.4 MPH)
|
| Top of the 2nd over - 0 runs, 0 hits, 0 errors, 0 left on base; Reno 1 - Syracuse 0 |
| BOTTOM OF THE 2ND |
|
Syracuse Chiefs batting - Pitching for Reno Aces : RHP Chad Toms
|
|
Batting: RHB Ryan Hiemer
|
0-0: Called Strike 0-1: Fly out, F9 (Flyball, 9, EV 88.1 MPH)
|
|
Batting: SHB Alex Ethridge
|
0-0: Ball 1-0: Called Strike 1-1: Ball 2-1: Ball 3-1: Called Strike 3-2: Ground out 4-3 (Groundball, 4, EV 83.1 MPH)
|
|
Batting: RHB Niek de Haan
|
0-0: Called Strike 0-1: Foul Ball, location: 2F 0-2: Strikes out swinging
|
| Bottom of the 2nd over - 0 runs, 0 hits, 0 errors, 0 left on base; Reno 1 - Syracuse 0 |
| TOP OF THE 3RD |
|
Reno Aces batting - Pitching for Syracuse Chiefs : LHP James Knapp
|
|
Batting: LHB Steve Reinhart
|
0-0: Swinging Strike 0-1: SINGLE (Line Drive, 7S, EV 104.4 MPH)
|
|
Batting: RHB Ji-an Li
|
0-0: Foul Ball, location: 2F 0-1: Swinging Strike 0-2: Strikes out swinging
|
|
Batting: RHB Dave Vargas
|
0-0: Ball 1-0: Ball 2-0: Called Strike 2-1: Foul Ball, location: 2F 2-2: Foul Ball, location: 2F 2-2: Ball 3-2: SINGLE (Groundball, 2R, EV 74.4 MPH) (infield hit) Steve Reinhart to second
|
|
Batting: SHB Salvador Aragon
|
0-0: SINGLE (Flyball, 34D, EV 81.9 MPH) Steve Reinhart to third Dave Vargas to second
|
|
Batting: LHB Bobby Arevalo
|
0-0: Called Strike 0-1: Ball 1-1: Ball 2-1: SINGLE (Line Drive, 8RS, EV 88.8 MPH) Steve Reinhart scores Dave Vargas to third Salvador Aragon to second
|
|
Batting: LHB Kyle Beaulieu
|
0-0: Ball 1-0: Fly out, F8 (Line Drive, 8RM, EV 85.0 MPH) Runner from 3rd tags up, SCORES, throw by CF
|
|
Batting: RHB Ruben Garza
|
0-0: Called Strike 0-1: Ball 1-1: Ball 2-1: Ball 3-1: Base on Balls Salvador Aragon to third Bobby Arevalo to second
|
|
Batting: LHB Ian Jarvis
|
0-0: Ball 1-0: Called Strike 1-1: Ground out 1-3 (Groundball, 13S, EV 69.4 MPH)
|
| Top of the 3rd over - 2 runs, 4 hits, 0 errors, 3 left on base; Reno 3 - Syracuse 0 |
| BOTTOM OF THE 3RD |
|
Syracuse Chiefs batting - Pitching for Reno Aces : RHP Chad Toms
|
|
Batting: LHB Shinji Adachi
|
0-0: Ball 1-0: Ground out 1-3 (Groundball, P, EV 73.1 MPH)
|
|
Batting: RHB Ke-yue Hong
|
0-0: Ball 1-0: Ground out 4-3 (Groundball, 4, EV 91.2 MPH)
|
|
Batting: RHB Brennan Cameron
|
0-0: SINGLE (Groundball, 34D, EV 96.9 MPH)
|
|
Batting: LHB Dillon Gonzalez
|
0-0: Ball 1-0: SINGLE (Groundball, 25, EV 73.1 MPH) (infield hit) Brennan Cameron to second
|
|
Batting: LHB Jae-ik Soung
|
0-0: Called Strike 0-1: Ball 1-1: Foul Ball, location: 2F 1-2: Ball 2-2: Ball 3-2: Base on Balls Brennan Cameron to third Dillon Gonzalez to second
|
|
Batting: LHB Dana McDonald
|
0-0: Foul Ball, location: 2F 0-1: Ball 1-1: Ball 2-1: Swinging Strike 2-2: Ball 3-2: Base on Balls Brennan Cameron scores Dillon Gonzalez to third Jae-ik Soung to second
|
|
Batting: RHB Ryan Hiemer
|
0-0: Ball 1-0: DOUBLE (Groundball, 5L, EV 108.1 MPH) Dillon Gonzalez scores Jae-ik Soung scores Dana McDonald to third Runner from 3rd tries for Home, throw by LF and OUT! 7-6-2
|
| Bottom of the 3rd over - 3 runs, 3 hits, 0 errors, 1 left on base; Reno 3 - Syracuse 3 |
| TOP OF THE 4TH |
|
Reno Aces batting - Pitching for Syracuse Chiefs : LHP James Knapp
|
|
Pinch Hitting: RHB Juan Espinoza
|
0-0: Ball 1-0: Swinging Strike 1-1: Swinging Strike 1-2: Foul Ball, location: 2F 1-2: Strikes out swinging
|
|
Batting: LHB Steve Reinhart
|
0-0: Ball 1-0: Ground out 6-3 (Groundball, 6, EV 85.6 MPH)
|
|
Batting: RHB Ji-an Li
|
0-0: Foul Ball, location: 2F 0-1: Ball 1-1: Swinging Strike 1-2: Ball 2-2: Strikes out swinging
|
| Top of the 4th over - 0 runs, 0 hits, 0 errors, 0 left on base; Reno 3 - Syracuse 3 |
| BOTTOM OF THE 4TH |
|
Syracuse Chiefs batting - Pitching for Reno Aces : RHP Chad Toms
|
|
Now in LF: Juan Espinoza
|
|
|
Batting: SHB Alex Ethridge
|
0-0: Ball 1-0: Swinging Strike 1-1: Ball 2-1: Ball 3-1: Foul Ball, location: 2F 3-2: Strikes out swinging
|
|
Batting: RHB Niek de Haan
|
0-0: Ball 1-0: Foul Ball, location: 2F 1-1: Ball 2-1: SINGLE (Groundball, 6S, EV 68.1 MPH) (infield hit)
|
|
Batting: LHB Shinji Adachi
|
0-0: Ball Niek de Haan steals 2nd base (no throw) 1-0: Ball 2-0: Called Strike 2-1: Called Strike 2-2: Ball 3-2: SINGLE (Line Drive, 4MD, EV 99.4 MPH) Niek de Haan to third
|
|
Batting: RHB Ke-yue Hong
|
0-0: Fielders Choice at 2nd, 4-6 (Groundball, 4, EV 80.6 MPH) Niek de Haan scores
|
|
Batting: RHB Brennan Cameron
|
0-0: Called Strike 0-1: Single, Error in OF, E9, batter to second base (Line Drive, 9S, EV 105.0 MPH) Ke-yue Hong to third
|
|
Batting: LHB Dillon Gonzalez
|
0-0: Ball 1-0: Fly out, F2 (Popup, 2RF, EV 84.4 MPH)
|
| Bottom of the 4th over - 1 run, 3 hits, 1 error, 2 left on base; Reno 3 - Syracuse 4 |
| TOP OF THE 5TH |
|
Reno Aces batting - Pitching for Syracuse Chiefs : LHP James Knapp
|
|
Batting: RHB Dave Vargas
|
0-0: Ball 1-0: Swinging Strike 1-1: Ball 2-1: Foul Ball, location: 2F 2-2: Strikes out swinging
|
|
Batting: SHB Salvador Aragon
|
0-0: Ball 1-0: SINGLE (Groundball, 56D, EV 95.6 MPH)
|
|
Pitching: RHP Johnny Marquez
|
|
|
Batting: LHB Bobby Arevalo
|
0-0: Foul Ball, location: 2F 0-1: Swinging Strike 0-2: Ball 1-2: Fielders Choice at 2nd, 3-6 (Groundball, 3, EV 86.2 MPH)
|
|
Batting: LHB Kyle Beaulieu
|
0-0: Fly out, F7 (Flyball, 7, EV 76.9 MPH)
|
| Top of the 5th over - 0 runs, 1 hit, 0 errors, 1 left on base; Reno 3 - Syracuse 4 |
| BOTTOM OF THE 5TH |
|
Syracuse Chiefs batting - Pitching for Reno Aces : RHP Chad Toms
|
|
Batting: LHB Jae-ik Soung
|
0-0: Ball 1-0: Foul Ball, location: 2F 1-1: Ball 2-1: Foul Ball, location: 2F 2-2: Ball 3-2: Strikes out swinging
|
|
Batting: LHB Dana McDonald
|
0-0: Called Strike 0-1: Ball 1-1: Ball 2-1: Swinging Strike 2-2: Foul Ball, location: 2F 2-2: Ball 3-2: Foul Ball, location: 2F 3-2: Foul Ball, location: 2F 3-2: Ground out 3-1 (Groundball, 34S, EV 80.0 MPH)
|
|
Batting: RHB Ryan Hiemer
|
0-0: Ball 1-0: Ball 2-0: Ball 3-0: Called Strike 3-1: Base on Balls
|
|
Batting: SHB Alex Ethridge
|
0-0: Ball 1-0: Foul Ball, location: 2F 1-1: Ball Ryan Hiemer is caught stealing 2nd base 2-6
|
| Bottom of the 5th over - 0 runs, 0 hits, 0 errors, 0 left on base; Reno 3 - Syracuse 4 |
| TOP OF THE 6TH |
|
Reno Aces batting - Pitching for Syracuse Chiefs : RHP Johnny Marquez
|
|
Batting: RHB Ruben Garza
|
0-0: Ball 1-0: Fly out, F8 (Line Drive, 8RD, EV 108.1 MPH)
|
|
Batting: LHB Ian Jarvis
|
0-0: Ball 1-0: Swinging Strike 1-1: Ball 2-1: Ball 3-1: Called Strike 3-2: Base on Balls
|
|
Batting: RHB Juan Espinoza
|
0-0: Called Strike 0-1: Foul Ball, location: 2F 0-2: Foul Ball, location: 2F 0-2: Strikes out looking
|
|
Batting: LHB Steve Reinhart
|
0-0: Ball 1-0: Ball 2-0: Ball 3-0: Base on Balls Ian Jarvis to second
|
|
Batting: RHB Ji-an Li
|
0-0: Ball 1-0: Called Strike 1-1: Ball 2-1: Fly out, F9 (Line Drive, 9D, EV 88.1 MPH)
|
| Top of the 6th over - 0 runs, 0 hits, 0 errors, 2 left on base; Reno 3 - Syracuse 4 |
| BOTTOM OF THE 6TH |
|
Syracuse Chiefs batting - Pitching for Reno Aces : RHP Chad Toms
|
|
Batting: SHB Alex Ethridge
|
0-0: SINGLE (Flyball, 8RS, EV 96.9 MPH)
|
|
Batting: RHB Niek de Haan
|
0-0: Called Strike Alex Ethridge is caught stealing 2nd base 2-4 0-1: Swinging Strike 0-2: Strikes out looking
|
|
Batting: LHB Shinji Adachi
|
0-0: Ball 1-0: Called Strike 1-1: Swinging Strike 1-2: SOLO HOME RUN (Flyball, 89XD, EV 96.2 MPH), Distance : 386 ft
|
|
Pitching: RHP Jarrod Kenny
|
|
|
Batting: RHB Ke-yue Hong
|
0-0: Called Strike 0-1: Ball 1-1: Ball 2-1: Swinging Strike 2-2: Foul Ball, location: 2F 2-2: SINGLE (Groundball, 56S, EV 72.5 MPH) (infield hit)
|
|
Batting: RHB Brennan Cameron
|
0-0: Called Strike Ke-yue Hong steals 2nd base 0-1: Swinging Strike 0-2: Ball 1-2: Ground out 5-3 (Groundball, 56, EV 91.9 MPH)
|
| Bottom of the 6th over - 1 run, 3 hits, 0 errors, 1 left on base; Reno 3 - Syracuse 5 |
| TOP OF THE 7TH |
|
Reno Aces batting - Pitching for Syracuse Chiefs : RHP Johnny Marquez
|
|
Pitching: RHP Bill Stump
|
|
|
Batting: RHB Dave Vargas
|
0-0: Ball 1-0: Ball 2-0: Foul Ball, location: 2F 2-1: Ball 3-1: Base on Balls
|
|
Batting: SHB Salvador Aragon
|
0-0: Called Strike 0-1: Ball 1-1: Foul Ball, location: 2F 1-2: Strikes out swinging
|
|
Batting: LHB Bobby Arevalo
|
0-0: Foul Ball, location: 2F 0-1: Ball Dave Vargas steals 2nd base 1-1: Ball 2-1: 2-RUN HOME RUN (Flyball, 8RXD, EV 113.1 MPH), Distance : 439 ft
|
|
Batting: LHB Kyle Beaulieu
|
0-0: Called Strike 0-1: Ball 1-1: Ball 2-1: Hit by Pitch
|
|
Batting: RHB Ruben Garza
|
0-0: Ball 1-0: TRIPLE (Line Drive, 78D, EV 107.5 MPH) Kyle Beaulieu scores
|
|
Batting: LHB Ian Jarvis
|
0-0: Intentional Walk
|
|
Batting: RHB Juan Espinoza
|
0-0: Ball 1-0: Foul Ball, location: 2F 1-1: Ball 2-1: Foul Ball, location: 2F 2-2: Ball 3-2: SINGLE (Groundball, 6MD, EV 106.2 MPH) Ruben Garza scores Ian Jarvis to second Runner from 2nd tries for 3rd, SAFE after rundown.
|
|
Pitching: RHP Ruben Nevarel
|
|
|
Batting: LHB Steve Reinhart
|
0-0: Ball Juan Espinoza steals 2nd base 1-0: SINGLE (Flyball, 8RS, EV 90.0 MPH) Ian Jarvis scores Juan Espinoza to third
|
|
Batting: RHB Ji-an Li
|
0-0: Fly out, F8 (Flyball, 78M, EV 77.5 MPH) Runner from 3rd tags up, OUT at HOME! 8-2
|
| Top of the 7th over - 5 runs, 4 hits, 0 errors, 1 left on base; Reno 8 - Syracuse 5 |
| BOTTOM OF THE 7TH |
|
Syracuse Chiefs batting - Pitching for Reno Aces : RHP Jarrod Kenny
|
|
Pitching: RHP John Patterson
|
|
|
Batting: LHB Dillon Gonzalez
|
0-0: Ball 1-0: Ball 2-0: Ball 3-0: Called Strike 3-1: Base on Balls
|
|
Batting: LHB Jae-ik Soung
|
0-0: Called Strike Dillon Gonzalez steals 2nd base (no throw) 0-1: Called Strike 0-2: Ball 1-2: Ball 2-2: Strikes out swinging
|
|
Batting: LHB Dana McDonald
|
0-0: Ball Dillon Gonzalez steals 3rd base 1-0: Ball 2-0: Ball 3-0: Base on Balls
|
|
Batting: RHB Ryan Hiemer
|
0-0: Called Strike 0-1: Called Strike 0-2: Grounds into double play, 4-6-3 (Groundball, 4M, EV 81.9 MPH)
|
| Bottom of the 7th over - 0 runs, 0 hits, 0 errors, 1 left on base; Reno 8 - Syracuse 5 |
| TOP OF THE 8TH |
|
Reno Aces batting - Pitching for Syracuse Chiefs : RHP Ruben Nevarel
|
|
Batting: RHB Dave Vargas
|
0-0: Called Strike 0-1: SINGLE (Groundball, 34D, EV 108.1 MPH)
|
|
Batting: SHB Salvador Aragon
|
0-0: Called Strike Dave Vargas steals 2nd base (no throw) 0-1: Swinging Strike 0-2: Ball 1-2: Ball 2-2: Foul Ball, location: 2F 2-2: Ball 3-2: Foul Ball, location: 2F 3-2: Base on Balls
|
|
Batting: LHB Bobby Arevalo
|
0-0: Foul Ball, location: 2F 0-1: Ball 1-1: Swinging Strike 1-2: Foul Ball, location: 2F 1-2: SINGLE (Groundball, 6M, EV 101.9 MPH) Dave Vargas to third Salvador Aragon to second Runner from 3rd tries for Home, SAFE, throw by CF to home
|
|
Batting: LHB Kyle Beaulieu
|
0-0: Ball 1-0: Fielders Choice at 2nd, 3-6 (Groundball, 34, EV 108.1 MPH) Salvador Aragon to third
|
|
Batting: RHB Ruben Garza
|
0-0: Fly out, F9 (Flyball, 9, EV 87.5 MPH) Runner from 3rd tags up, SCORES, no throw by RF
|
|
Batting: LHB Ian Jarvis
|
0-0: Foul Ball, location: 2F 0-1: Foul Ball, location: 2F 0-2: Foul Ball, location: 2F 0-2: Ball 1-2: Strikes out swinging
|
| Top of the 8th over - 2 runs, 2 hits, 0 errors, 1 left on base; Reno 10 - Syracuse 5 |
| BOTTOM OF THE 8TH |
|
Syracuse Chiefs batting - Pitching for Reno Aces : RHP John Patterson
|
|
Batting: SHB Alex Ethridge
|
0-0: Fly out, F7 (Flyball, 7D, EV 105.6 MPH)
|
|
Batting: RHB Niek de Haan
|
0-0: Ball 1-0: Ball 2-0: Ball 3-0: Base on Balls
|
|
Pitching: RHP Josh Pugh
|
|
|
Batting: LHB Shinji Adachi
|
0-0: Ball 1-0: Ball 2-0: Foul Ball, location: 2F 2-1: Called Strike 2-2: Strikes out looking
|
|
Batting: RHB Ke-yue Hong
|
0-0: Called Strike 0-1: Called Strike 0-2: Ball 1-2: Strikes out swinging
|
| Bottom of the 8th over - 0 runs, 0 hits, 0 errors, 1 left on base; Reno 10 - Syracuse 5 |
| TOP OF THE 9TH |
|
Reno Aces batting - Pitching for Syracuse Chiefs : RHP Ruben Nevarel
|
|
Batting: RHB Juan Espinoza
|
0-0: Called Strike 0-1: Swinging Strike 0-2: Foul Ball, location: 2F 0-2: Ball 1-2: Ground out 5-3 (Groundball, 56, EV 106.9 MPH)
|
|
Batting: LHB Steve Reinhart
|
0-0: Called Strike 0-1: Ball 1-1: Ball 2-1: SINGLE (Groundball, 4MD, EV 94.4 MPH)
|
|
Pitching: LHP Jose Torres
|
|
|
Batting: RHB Ji-an Li
|
0-0: Called Strike 0-1: Grounds into double play, 6-4-3 (Groundball, 6, EV 88.1 MPH)
|
| Top of the 9th over - 0 runs, 1 hit, 0 errors, 0 left on base; Reno 10 - Syracuse 5 |
| BOTTOM OF THE 9TH |
|
Syracuse Chiefs batting - Pitching for Reno Aces : RHP Josh Pugh
|
|
Batting: RHB Brennan Cameron
|
0-0: Foul Ball, location: 2F 0-1: Ball 1-1: Foul Ball, location: 2F 1-2: Strikes out swinging
|
|
Batting: LHB Dillon Gonzalez
|
0-0: Ball 1-0: Foul Ball, location: 2F 1-1: Ball 2-1: Ball 3-1: Called Strike 3-2: Ground out U3 (Groundball, 34S, EV 86.2 MPH)
|
|
Batting: LHB Jae-ik Soung
|
0-0: Foul Ball, location: 2F 0-1: Ball 1-1: Foul Ball, location: 2F 1-2: Ground out 4-3 (Groundball, 4, EV 88.8 MPH)
|
| Bottom of the 9th over - 0 runs, 0 hits, 0 errors, 0 left on base; Reno 10 - Syracuse 5 |
|